 Dungeon Crawl Stone Soup version 0.21-a0-348-ga060c75 (webtiles) character file.

104 Internecine the Vexing (level 4, 0/34 HPs)
             Began as a Gnoll Arcane Marksman on Oct 6, 2017.
             Succumbed to an adder's poison
             ... on level 3 of the Dungeon.
             The game lasted 00:16:51 (2455 turns).

Internecine the Vexing (Gnoll Arcane Marksman)      Turns: 2455, Time: 00:16:51

Health: 0/34       AC:  4    Str: 12 (13) XL:     4   Next: 80%
Magic:  8/8        EV: 16    Int: 14 (17) God:
Gold:   149        SH:  0    Dex: 14 (16) Spells: 8/9 levels left

rFire    . . .     SeeInvis .   C - +0 dagger (elec)
rCold    . . .     Gourm    .   (no shield)
rNeg     . . .     Faith    .   w - +0 leather armour
rPois    .         Spirit   .   (no helmet)
rElec    +         Reflect  .   (no cloak)
rCorr    .         Harm     .   y - +0 pair of gloves
MR       .....                  (no boots)
Stlth    ++........             b - amulet of regeneration
HPRegen  0.51/turn              s - +2 ring of evasion
MPRegen  0.11/turn              t - ring of wizardry

@: lethally poisoned (0 -> -4)
A: distributed training, fangs 1, clever 1, screaming 1, electricity resistance,
wild magic 1, strong nose
a: no special abilities


You were on level 3 of the Dungeon.
You were hungry.

You visited 1 branch of the dungeon, and saw 3 of its levels.

You collected 149 gold pieces.

Inventory:

Hand Weapons
 a - a +0 hand crossbow
 n - a +1 dagger of draining
 q - a +1 short sword of speed
 B - a +0 hunting sling
 C - a +0 dagger of electrocution (weapon)
 E - a cursed -1 whip
Missiles
 d - 20 bolts
 g - 70 stones (quivered)
 h - 22 sling bullets
 j - 32 arrows
 o - 3 tomahawks
Armour
 e - a +0 robe
 u - a +0 ring mail
 w - a +0 leather armour (worn)
 y - a +0 pair of gloves (worn)
 D - a +0 shield
Jewellery
 b - an amulet of regeneration (around neck)
 s - a +2 ring of evasion (left hand)
 t - a ring of wizardry (right hand)
Scrolls
 i - a scroll of magic mapping {unknown}
 l - a scroll of noise {unknown}
 m - 3 scrolls of identify {unknown}
 p - 2 scrolls of remove curse {unknown}
 v - a scroll of fear {unknown}
Potions
 A - a potion of flight {unknown}
Books
 c - a book of Debilitation

   Spells                             Type                      Level
   a - Corona                         Hexes                        1
   b - Slow                           Hexes                        2
   c - Inner Flame                    Hexes/Fire                   3
   d - Portal Projectile              Hexes/Translocation          3
   e - Cause Fear                     Hexes                        4
   f - Leda's Liquefaction            Hexes/Earth                  4
Comestibles
 f - 3 bread rations
 k - 3 fruits
 r - 12 chunks of flesh


   Skills:
 + Level 2.8 Fighting
 + Level 1.2 Short Blades
 + Level 1.2 Long Blades
 + Level 1.2 Axes
 + Level 1.2 Maces & Flails
 + Level 1.2 Polearms
 + Level 1.2 Staves
 + Level 1.2 Slings
 + Level 1.2 Bows
 + Level 4.7 Crossbows
 + Level 1.2 Throwing
 + Level 1.2 Armour
 + Level 4.7 Dodging
 + Level 1.2 Stealth
 + Level 1.2 Shields
 + Level 1.2 Unarmed Combat
 + Level 3.0 Spellcasting
 + Level 1.2 Conjurations
 + Level 6.6 Hexes
 + Level 1.2 Charms
 + Level 1.2 Summonings
 + Level 1.2 Necromancy
 + Level 1.2 Translocations
 + Level 1.2 Transmutations
 + Level 1.2 Fire Magic
 + Level 1.2 Ice Magic
 + Level 1.2 Air Magic
 + Level 1.2 Earth Magic
 + Level 1.2 Poison Magic
 + Level 1.2 Invocations
 + Level 1.2 Evocations


You had 8 spell levels left.
You knew the following spells:

 Your Spells              Type           Power        Failure   Level  Hunger
a - Corona                Hex            ####...      1%          1    #......


Dungeon Overview and Level Annotations

Branches:
Dungeon (3/15)

Altars:
Dithmenos


Innate Abilities, Weirdness & Mutations

Your experience applies equally to all skills.
You have very sharp teeth.
Your uncanny sense of smell can sniff out nearby items.
Your mind is acute. (Int +2)
You occasionally shout uncontrollably at your foes.
You are resistant to electric shocks. (rElec)
Your spells are a little harder to cast, but a little more powerful.


Message History

You feel sick. The adder misses you. The adder completely misses you.
You barely miss the adder.
The adder is lightly wounded.
You feel sick. The adder bites you.
* * * LOW HITPOINT WARNING * * *
You are more poisoned.
The adder poisons you!
You hit the adder but do no damage.
The adder is lightly wounded.
You feel sick. The adder bites you.
* * * LOW HITPOINT WARNING * * *
It was a potion of mutation.
You feel extremely strange.
You feel less in control of your magic.
You feel the urge to shout.
You feel clever.
You feel insulated.
* * * LOW HITPOINT WARNING * * *
You feel sick. The adder closely misses you.
It was a potion of degeneration.
There was something very wrong with that liquid.
You feel weakened.
You feel dopey.
You feel clumsy.
You die...

......
.....#......#...)..###..
............#..##...##..
#...........'..##...##..
#...........#.......##.#
#...................##+#
#.#....
#.......#####.......#...
.......
........#####.......#...
.......
........#...........#...
.......
.......@#...........#...
.......
..#####S#o..........#...
.......
#...{o{....#.......#..
.......
#...(oo....#'#####.#.. #
#.........#........).. #
#.........#....#...#.# ∆
#...#.####.........#..
#...#.####...........<
#...#....#.......#.###


You could see an orc wizard, an adder and 2 orcs.

Vanquished Creatures
  4 adders
  An ooze (D:3)
  A worm (D:2)
  A dart slug (D:1)
  4 orcs (D:3)
  6 giant cockroaches
  5 hobgoblins
  2 jackals (D:2)
  6 kobolds
  A quokka (D:2)
  6 bats
  5 frilled lizards
  6 goblins
  6 rats
54 creatures vanquished.

Vanquished Creatures (others)
  A goblin (D:1)
1 creature vanquished.

Grand Total: 55 creatures vanquished

Notes
Turn   | Place    | Note
-------+----------+-------------------------------------------
     0 | D:1      | Internecine the Gnoll Arcane Marksman began the quest for the Orb.
     0 | D:1      | Reached XP level 1. HP: 17/17 MP: 4/4
   251 | D:1      | Reached XP level 2. HP: 23/23 MP: 5/5
   980 | D:2      | Reached XP level 3. HP: 28/28 MP: 7/7
  1532 | D:2      | Reached skill level 1 in Short Blades
  1532 | D:2      | Reached skill level 1 in Long Blades
  1532 | D:2      | Reached skill level 1 in Axes
  1532 | D:2      | Reached skill level 1 in Maces & Flails
  1532 | D:2      | Reached skill level 1 in Polearms
  1532 | D:2      | Reached skill level 1 in Staves
  1532 | D:2      | Reached skill level 1 in Slings
  1532 | D:2      | Reached skill level 1 in Bows
  1532 | D:2      | Reached skill level 1 in Throwing
  1532 | D:2      | Reached skill level 1 in Armour
  1532 | D:2      | Reached skill level 1 in Stealth
  1532 | D:2      | Reached skill level 1 in Shields
  1532 | D:2      | Reached skill level 1 in Unarmed Combat
  1532 | D:2      | Reached skill level 1 in Conjurations
  1532 | D:2      | Reached skill level 1 in Charms
  1532 | D:2      | Reached skill level 1 in Summonings
  1532 | D:2      | Reached skill level 1 in Necromancy
  1532 | D:2      | Reached skill level 1 in Translocations
  1532 | D:2      | Reached skill level 1 in Transmutations
  1532 | D:2      | Reached skill level 1 in Fire Magic
  1532 | D:2      | Reached skill level 1 in Ice Magic
  1532 | D:2      | Reached skill level 1 in Air Magic
  1532 | D:2      | Reached skill level 1 in Earth Magic
  1532 | D:2      | Reached skill level 1 in Poison Magic
  1532 | D:2      | Reached skill level 1 in Invocations
  1532 | D:2      | Reached skill level 1 in Evocations
  1535 | D:2      | Reached XP level 4. HP: 34/34 MP: 8/8
  1663 | D:2      | Found a shadowy altar of Dithmenos.
  2454 | D:3      | Gained mutation: Your spells are a little harder to cast, but a little more powerful. [potion of mutation]
  2454 | D:3      | Gained mutation: You occasionally shout uncontrollably at your foes. [potion of mutation]
  2454 | D:3      | Gained mutation: Your mind is acute. (Int +2) [potion of mutation]
  2454 | D:3      | Gained mutation: You are resistant to electric shocks. (rElec) [potion of mutation]
  2455 | D:3      | Succumbed to an adder's poison

Vault maps used:
D:1:      minmay_arrival_solitary_statue, minmay_pentomino_o4
D:2:      grunt_dithmenos_smoke
D:3:      first_bread, minmay_goblin_outpost

Skill      XL: |  1  2  3  4 |
---------------+-------------+-----
Short Blades   | 1 |  1.2
Long Blades    | 1 |  1.2
Axes           | 1 |  1.2
Maces & Flails | 1 |  1.2
Polearms       | 1 |  1.2
Staves         | 1 |  1.2
Slings         | 1 |  1.2
Bows           | 1 |  1.2
Throwing       | 1 |  1.2
Armour         | 1 |  1.2
Stealth        | 1 |  1.2
Shields        | 1 |  1.2
Unarmed Combat | 1 |  1.2
Conjurations   | 1 |  1.2
Charms         | 1 |  1.2
Summonings     | 1 |  1.2
Necromancy     | 1 |  1.2
Translocations | 1 |  1.2
Transmutations | 1 |  1.2
Fire Magic     | 1 |  1.2
Ice Magic      | 1 |  1.2
Air Magic      | 1 |  1.2
Earth Magic    | 1 |  1.2
Poison Magic   | 1 |  1.2
Invocations    | 1 |  1.2
Evocations     | 1 |  1.2
Spellcasting   | 3 |  3.0
Fighting       | |  2.8
Crossbows      | |  4.7
Dodging        | |  4.7
Hexes          | |  6.6

Action                   |  1- 3 |  4- 6 || total
-------------------------+-------+-------++-------
Melee: Dagger            |     2 |     6 ||     8
       Bite              |     1 |     1 ||     2
       Hand crossbow     |       |     1 ||     1
 Fire: Hand crossbow     |    92 |    53 ||   145
 Cast: Corona            |     1 |       ||     1
  Use: Potion            |       |     2 ||     2
  Eat: Chunk             |     2 |     2 ||     4
Armor: Robe              |     4 |       ||     4
       Leather armour    |     1 |     2 ||     3
Dodge: Dodged            |    52 |    25 ||    77

Table legend:
 A = Spawn XP
 B = Non-spawn XP
 C = Spawn XP percentage of total XP
 D = Spawn monster count
 E = Non-spawn monster count
 F = Spawn count percentage of total count
 G = Total turns spent on level
                    A         B        C        D         E        F      G
               +---------+---------+-------+---------+---------+-------+---------
         Total |       0 |     149 |   0.0 |       0 |      54 |   0.0 |  2455
               +---------+---------+-------+---------+---------+-------+---------
           D:1 |       0 |      32 |   0.0 |       0 |      19 |   0.0 |   933
           D:2 |       0 |      59 |   0.0 |       0 |      20 |   0.0 |   833
           D:3 |       0 |      58 |   0.0 |       0 |      15 |   0.0 |   689
               +---------+---------+-------+---------+---------+-------+---------
